 Dungeon Crawl Stone Soup version 0.24-a0-459-g225fefd530 (webtiles) character file.

Game seed: 7727945530923266835

8 Mrkan the Skirmisher (level 2, -2/19 HPs)
             Began as a Gargoyle Fighter on June 29, 2019.
             Slain by a leopard gecko (3 damage)
             ... on level 1 of the Dungeon.
             The game lasted 00:00:42 (224 turns).

Mrkan the Skirmisher (Gargoyle Fighter)              Turns: 224, Time: 00:00:43

Health: -2/19      AC:  9    Str: 19    XL:     2   Next: 8%
Magic:  2/2        EV:  7    Int:  8    God:
Gold:   35         SH:  9    Dex:  9    Spells: 1/1 levels left

rFire    . . .     SeeInvis .   a - +0 flail
rCold    . . .     Gourm    .   c - +0 shield
rNeg     + . .     Faith    .   b - +0 scale mail
rPois    ∞         Spirit   .   (no helmet)
rElec    +         Reflect  .   (no cloak)
rCorr    .         Harm     .   (no gloves)
MR       .....                  (no boots)
Stlth    ..........             (no amulet)
HPRegen  0.06/turn              (no ring)
MPRegen  0.08/turn              (no ring)

@: no status effects
A: negative energy resistance 1, electricity resistance, unbreathing,
petrification resistance, rot immunity, AC +2
a: no special abilities


You were on level 1 of the Dungeon.
You were not hungry.

You visited 1 branch of the dungeon, and saw 1 of its levels.

You collected 35 gold pieces.

Inventory:

Hand Weapons
 a - a +0 flail (weapon)
Armour
 b - a +0 scale mail (worn)
 c - a +0 shield (worn)
Scrolls
 i - a scroll of remove curse {unknown}
 k - 2 scrolls of identify {unknown}
Potions
 d - a potion of might
 e - 2 potions of curing {unknown}
 g - a potion of agility {unknown}
 h - a potion of mutation {unknown}
Comestibles
 f - 2 rations
 j - a chunk of flesh


   Skills:
 + Level 3.4 Fighting
 * Level 2.4 Maces & Flails
 - Level 3.2 Armour
 + Level 3.4 Shields


You had one spell level left.
You didn't know any spells.
Your spell library was empty.

Dungeon Overview and Level Annotations

Branches:
Dungeon (1/15)

Altars:


Innate Abilities, Weirdness & Mutations

You are resistant to torment.
Your stone body is resilient. (AC +2)
You are immune to poison.
You resist negative energy. (rN+)
You are resistant to electric shocks. (rElec)
You can survive without breathing.
You are immune to petrification.
You are immune to rotting.


Message History

The leopard gecko bites you but does no damage.
The frilled lizard closely misses you.
The frilled lizard bites you but does no damage.
The leopard gecko bites you.
* * * LOW HITPOINT WARNING * * *
You closely miss the leopard gecko. The leopard gecko bites you.
* * * LOW HITPOINT WARNING * * *
You block the frilled lizard's attack. x2
You block the frilled lizard's attack. You block the leopard gecko's attack.
You barely miss the leopard gecko.
The leopard gecko bites you but does no damage.
You miss the leopard gecko. The leopard gecko barely misses you.
You miss the frilled lizard. You block the leopard gecko's attack.
The frilled lizard bites you but does no damage.
The leopard gecko bites you but does no damage.
You completely miss the frilled lizard. The frilled lizard barely misses you.
The leopard gecko barely misses you. The leopard gecko bites you.
You die...

≈≈≈≈.. ≈≈≈≈≈≈.. ≈≈≈≈≈.# ###.
≈≈≈≈..# #...........#
#......#.#..
#........#l#####..
#......##lll......
###......##@#####...
.........l.l...#. #.
#..#...........
#.##.≈##.######### #....≈.#.#
##...≈.#.#
##.[..≈.#.#.#...≈..
##..##.≈.#.#.#.≈≈≈.######
#####.[###.≈.#.#...≈.........


You could see a leopard gecko and 5 frilled lizards.

Vanquished Creatures
  A leopard gecko (D:1)
  A goblin (D:1)
  2 hobgoblins (D:1)
  A bat (D:1)
  A kobold (D:1)
  A rat (D:1)
7 creatures vanquished.

Notes
Turn   | Place    | Note
-------+----------+-------------------------------------------
     0 | D:1      | Mrkan the Gargoyle Fighter began the quest for the Orb.
     0 | D:1      | Reached XP level 1. HP: 14/14 MP: 1/1
   145 | D:1      | Reached XP level 2. HP: 4/19 MP: 2/2
   224 | D:1      | Slain by a leopard gecko

Levels and vault maps discovered:
D:1:      psy_arrival_radial02, layout_rooms, serial_forest,
          infiniplex_forest_end_3, infiniplex_forest_end_double,
          infiniplex_forest_lined_4_way, infiniplex_forest_straight_4,
          infiniplex_forest_clump_small, chequers_mini_garden, fountainhead,
          minmay_lizard_pond

Action                   || total
-------------------------++-------
Melee: Flail             ||    60
Armor: Scale mail        ||    51
Dodge: Dodged            ||    26
Block: Shield            ||    47

Table legend:
 A = Non-vault XP
 B = Vault XP
 C = Vault XP percentage of total XP
 D = Non-vault monster count
 E = Vault monster count
 F = Vault count percentage of total count
                 A         B        C        D         E       F
            +---------+---------+-------+---------+---------+-------
      Total |      12 |       0 |   0.0 |       7 |       0 |   0.0
            +---------+---------+-------+---------+---------+-------
        D:1 |      12 |       0 |   0.0 |       7 |       0 |   0.0
            +---------+---------+-------+---------+---------+-------
